cohdb
Replays
Latest Replays
All Replays
Popular Replays
Top Player Replays
Match Explorer
How It Works
Community
CoH3 Stats
Reddit
Sign in to upload your games and track your stats! →
Sign in with Steam
Two stolen Pershings for DAK
Match 44692790
Overview
Messages
Build Orders
End
Scout Squad
Construct Weapon Support Center
M1919 Machine Gun Team
M1919 Machine Gun Team
Bazooka Squad
Selects Heavy Weapons
M1919 Machine Gun Team
Infantry Support Center
Selects M2HB .50cal Heavy Machine Gun
M3 Armored Personnel Carrier
Engineer Squad
Selects Assault Carriers
.30 cal Machine Gun
M3 Assault Carrier
Engineer Squad
Construct Motor Pool
Survival Training
Selects Exchangeable Parts
M8 Greyhound Armored Car
Scout Squad
Construct Tank Depot
Bazooka Squad
M4A1 Sherman Medium Tank
Selects M26 Pershing Heavy Tank
M26 Pershing Heavy Tank
M18 Hellcat Tank Destroyer
Bazooka Squad
Engineer Squad
Engineer Squad
M18 Hellcat Tank Destroyer
Bazooka Squad
Engineer Squad
Selects Rapid Reposition
Selects Black Dragon Artillery Barrage
M26 Pershing Heavy Tank
Engineer Squad
Bazooka Squad
M1919 Machine Gun Team
M1 Anti-tank Gun Team
M18 Hellcat Tank Destroyer
Black Dragon Artillery Barrage
M18 Hellcat Tank Destroyer
M1 Anti-tank Gun Team
M1 Anti-tank Gun Team
M18 Hellcat Tank Destroyer
1st SubStar
-AL- Nimahfrosch
Rowdy
Elite_1650
0
0
Comments
sign in to comment!
No comments posted yet!